 Dungeon Crawl Stone Soup version 0.31-a0-157-g0643eb4156 (webtiles) character file.

Game seed: 15594807567784605408

1470 qw the Skirmisher (level 8, -1/74 HPs)
             Began as a Naga Hunter on June 12, 2023.
             Succumbed to a hornet's poison
             ... on level 7 of the Dungeon.
             The game lasted 00:01:40 (3610 turns).

qw the Skirmisher (Naga Hunter)                     Turns: 3610, Time: 00:01:41

Health: -1/74      AC:  8    Str: 13    XL:     8   Next: 78%
Magic:  8/8        EV: 16    Int: 10    God:
Gold:   311        SH:  0    Dex: 17    Spells: 7/7 levels left

rFire   . . .        Y - +2 shortbow
rCold   . . .        (shield currently unavailable)
rNeg    . . .        c - +0 leather armour
rPois   +            (no helmet)
rElec   .            (no cloak)
rCorr   .            (no gloves)
SInv    +            (no barding)
Will    +....        (no amulet)
Stlth   ++           e - +4 ring of protection
HPRegen 0.32/turn    d - +5 ring of evasion
MPRegen 0.11/turn

%: no passive effects
@: lethally poisoned (-1 -> -8), about to teleport, short of breath, slowed,
very slow
A: AC +2, large, see invisible, deformed body, poison resistance, slowness 2,
spit poison 1, naga tail 1
a: Spit Poison


You were on level 7 of the Dungeon.
You visited 1 branch of the dungeon, and saw 7 of its levels.

You collected 311 gold pieces.


Innate Abilities, Weirdness & Mutations

Your serpentine skin is tough. (AC +2)
You have supernaturally acute eyesight. (SInv)
Armour fits poorly on your strangely shaped body.
Your system is resistant to poisons. (rPois)
You cover ground very slowly.
You can spit poison.
You have a snake-like lower body.


   Skills:
 - Level 5.0 Fighting
 + Level 8.8 Ranged Weapons
 - Level 3.5 Dodging
 - Level 1.5 Stealth


You had 7 spell levels left.
You didn't know any spells.
Your spell library was empty.

Inventory:

Hand Weapons
 Y - a +2 shortbow (weapon)
Armour
 c - a +0 leather armour (worn)
Jewellery
 d - a +5 ring of evasion (right hand)
 e - a +4 ring of protection (left hand)
Scrolls
 g - 2 scrolls of enchant armour {unknown}
 m - a scroll of identify
Potions
 a - 2 potions of mutation {unknown}
 b - a potion of brilliance {unknown}
 f - a potion of enlightenment {unknown}
 i - 3 potions of curing
 j - a potion of might {unknown}
 k - a potion of ambrosia {unknown}
 l - a potion of invisibility {unknown}
 n - 2 potions of lignification {unknown}

Dungeon Overview and Level Annotations

Branches:
Dungeon (8/15)
 Temple: D:4-7         Lair: D:8-11

Altars:
Sif Muna
Vehumet


Message History

You kill the bullfrog!
You have got your breath back.
3602 ||| INVOKING Spit Poison.
Aiming: Spit Poison (1% risk of failure)
Press: ? - help, Shift-Dir - straight line, f - hornet The splash of poison hits the hornet!
The hornet is heavily wounded.
The hornet stings you!
You suddenly lose the ability to move!
The hornet stings you!
The hornet stings you but does no damage.
You can move again.
You shoot an arrow. The arrow barely misses the hornet.
The hornet stings you but does no damage.
The hornet stings you.
You shoot an arrow.
The arrow hits the hornet but does no damage.
The hornet is heavily wounded.
The hornet completely misses you.
You shoot an arrow. The arrow hits the hornet!
The hornet is severely wounded.
The hornet completely misses you. The hornet closely misses you.
You shoot an arrow. The arrow hits the hornet.
The hornet is severely wounded.
The hornet stings you!
You feel yourself slow down.
You shoot an arrow. The arrow hits the hornet.
The hornet is severely wounded.
You have got your breath back.
The hornet stings you! The hornet misses you.
3609 ||| INVOKING Spit Poison.
Aiming: Spit Poison (1% risk of failure)
Press: ? - help, Shift-Dir - straight line, f/p - hornet The splash of poison misses the hornet.
You feel yourself speed up. The hornet stings you! The hornet stings you.
You are poisoned.
The hornet stings you!
You feel yourself slow down.
3610 ||| READING scroll of teleportation.
As you read the scroll of teleportation, it crumbles to dust.
You feel strangely unstable.
You die...

....... # #. ..... #
..##...# #.....
####.......###.....
.....#.......##..##
.[...#.##.........#
.......#........y.#
................@###
..............#....#
.............##..###
.####.....####....###
.#.#.......# ##.....#
.#.........###.....##
...................#
..........#..#.##.##
..##......###...###


You could see a hornet.

Vanquished Creatures
  Grinder (D:4)
  Sigmund (D:2)
  A sky beast (D:3)
  An ice beast (D:5)
  3 ogres
  2 bullfrogs (D:7)
  3 killer bees (D:4)
  A hound (D:7)
  A gnoll bouda (D:7)
  2 iguanas
  Natasha (thrice) (D:2)
  5 adders
  8 gnolls
  2 worms
  A dart slug (D:2)
  10 orcs
  5 bats
  8 endoplasms
  2 giant cockroaches (D:1)
  9 goblins
  12 hobgoblins
  5 kobolds
  A quokka (D:4)
  6 ball pythons
  4 frilled lizards
  6 rats
103 creatures vanquished.

Notes
Turn   | Place    | Note
-------+----------+-------------------------------------------
     0 | D:1      | qw the Naga Hunter began the quest for the Orb.
     0 | D:1      | Reached XP level 1. HP: 19/19 MP: 1/1
     0 | D:1      | 0 ||| qw: Version: 0.2-a-29-gc1b59c4
     0 | D:1      | 0 ||| qw: Game counter: 4148
     0 | D:1      | 0 ||| qw: Always use a shield: true
     0 | D:1      | 0 ||| qw: God list: Okawaru
     0 | D:1      | 0 ||| qw: Allow faded altars: false
     0 | D:1      | 0 ||| qw: Do Orc after D:15 true
     0 | D:1      | 0 ||| qw: Do second Lair branch before Depths: true
     0 | D:1      | 0 ||| qw: Lair rune preference: random
     0 | D:1      | 0 ||| qw: Plans: Normal
     0 | D:1      | 0 ||| PLANNING D:1-11
    32 | D:1      | 32 ||| DROPPING +2 sling of draining.
    69 | D:1      | 69 ||| INVOKING Spit Poison.
   110 | D:1      | 110 ||| INVOKING Spit Poison.
   151 | D:1      | 151 ||| INVOKING Spit Poison.
   185 | D:1      | Reached skill level 4 in Ranged Weapons
   185 | D:1      | Reached XP level 2. HP: 26/26 MP: 2/2
   233 | D:1      | 233 ||| INVOKING Spit Poison.
   244 | D:1      | 244 ||| INVOKING Spit Poison.
   247 | D:1      | 247 ||| INVOKING Spit Poison.
   298 | D:1      | 298 ||| INVOKING Spit Poison.
   303 | D:1      | 303 ||| INVOKING Spit Poison.
   348 | D:1      | 348 ||| INVOKING Spit Poison.
   353 | D:1      | 353 ||| INVOKING Spit Poison.
   354 | D:1      | 354 ||| INVOKING Spit Poison.
   376 | D:1      | 376 ||| INVOKING Spit Poison.
   395 | D:1      | 395 ||| INVOKING Spit Poison.
   401 | D:1      | 401 ||| INVOKING Spit Poison.
   402 | D:1      | Reached XP level 3. HP: 13/32 MP: 3/3
   484 | D:1      | 484 ||| INVOKING Spit Poison.
   701 | D:1      | 701 ||| INVOKING Spit Poison.
   735 | D:1      | 735 ||| INVOKING Spit Poison.
   741 | D:1      | 741 ||| INVOKING Spit Poison.
   859 | D:1      | 859 ||| UPGRADING to +4 ring of protection.
   860 | D:1      | 860 ||| READING scroll labelled OLACHA PESHAU.
   861 | D:1      | 861 ||| READING scroll labelled SOUMECIOFF.
   862 | D:1      | 862 ||| READING scroll labelled CUODE YZXERIG.
   863 | D:1      | 863 ||| READING scroll labelled WOWKA FAOVEOKK.
   864 | D:1      | 864 ||| DROPPING scroll of butterflies.
   876 | D:2      | 876 ||| INVOKING Spit Poison.
   893 | D:2      | Identified the +2 spear "Leken" {flame, rC+ rN+}
   939 | D:2      | Noticed Sigmund
   943 | D:2      | 943 ||| INVOKING Spit Poison.
   946 | D:2      | Killed Sigmund
   947 | D:2      | Reached skill level 6 in Ranged Weapons
   947 | D:2      | Reached XP level 4. HP: 39/39 MP: 4/4
   947 | D:2      | Reached XP level 5. HP: 45/45 MP: 5/5
   948 | D:2      | 948 ||| INVOKING Spit Poison.
  1005 | D:2      | 1005 ||| INVOKING Spit Poison.
  1097 | D:2      | 1097 ||| INVOKING Spit Poison.
  1110 | D:2      | 1110 ||| INVOKING Spit Poison.
  1148 | D:2      | 1148 ||| INVOKING Spit Poison.
  1197 | D:2      | 1197 ||| INVOKING Spit Poison.
  1236 | D:2      | 1236 ||| INVOKING Spit Poison.
  1282 | D:2      | Noticed Natasha
  1284 | D:2      | 1284 ||| INVOKING Spit Poison.
  1289 | D:2      | 1289 ||| INVOKING Spit Poison.
  1292 | D:2      | Reached XP level 6. HP: 52/55 MP: 6/6
  1295 | D:2      | 1295 ||| INVOKING Spit Poison.
  1299 | D:2      | 1299 ||| INVOKING Spit Poison.
  1304 | D:2      | Killed Natasha
  1401 | D:2      | 1401 ||| INVOKING Spit Poison.
  1417 | D:2      | 1417 ||| INVOKING Spit Poison.
  1478 | D:2      | 1478 ||| INVOKING Spit Poison.
  1496 | D:2      | 1496 ||| INVOKING Spit Poison.
  1545 | D:2      | 1545 ||| INVOKING Spit Poison.
  1605 | D:2      | Noticed Natasha
  1607 | D:2      | 1607 ||| INVOKING Spit Poison.
  1611 | D:2      | 1611 ||| INVOKING Spit Poison.
  1611 | D:2      | Killed Natasha
  1612 | D:2      | Reached skill level 3 in Fighting
  1621 | D:2      | 1621 ||| READING scroll labelled COCYMO DYRODD.
  1628 | D:2      | Noticed Natasha
  1637 | D:2      | 1637 ||| INVOKING Spit Poison.
  1637 | D:2      | Killed Natasha
  1702 | D:3      | 1702 ||| READING scroll of enchant weapon.
  1702 | D:3      | 1702 ||| ENCHANTING +1 shortbow.
  1725 | D:3      | Identified the +8 short sword of the Tent {holy, +Blink
                  | Stlth+}
  1889 | D:3      | 1889 ||| INVOKING Spit Poison.
  1892 | D:3      | 1892 ||| INVOKING Spit Poison.
  1897 | D:3      | 1897 ||| INVOKING Spit Poison.
  1927 | D:3      | Noticed a sky beast
  1930 | D:3      | 1930 ||| INVOKING Spit Poison.
  1937 | D:3      | 1937 ||| INVOKING Spit Poison.
  1938 | D:3      | Killed a sky beast
  2071 | D:3      | 2071 ||| INVOKING Spit Poison.
  2139 | D:3      | 2139 ||| INVOKING Spit Poison.
  2158 | D:3      | Found a faded altar of an unknown god.
  2196 | D:3      | 2196 ||| INVOKING Spit Poison.
  2282 | D:3      | 2282 ||| INVOKING Spit Poison.
  2383 | D:3      | 2383 ||| UPGRADING to +5 ring of evasion.
  2384 | D:3      | 2384 ||| DROPPING ring of wizardry.
  2385 | D:3      | 2385 ||| READING scroll labelled QYCHAGRAAHO.
  2386 | D:3      | 2386 ||| DRINKING 2 brown potions.
  2431 | D:4      | Identified the +3 buckler "Regutin" {*Corrode MP+9 Str+8
                  | Dex-4}
  2503 | D:4      | Noticed Grinder
  2504 | D:4      | Paralysed by Grinder for 4 turns
  2509 | D:4      | 2509 ||| INVOKING Spit Poison.
  2513 | D:4      | 2513 ||| INVOKING Spit Poison.
  2522 | D:4      | Killed Grinder
  2523 | D:4      | Reached skill level 3 in Dodging
  2523 | D:4      | Reached XP level 7. HP: 66/66 MP: 7/7
  2535 | D:4      | 2535 ||| INVOKING Spit Poison.
  2540 | D:4      | 2540 ||| INVOKING Spit Poison.
  2604 | D:4      | 2604 ||| INVOKING Spit Poison.
  2616 | D:4      | 2616 ||| INVOKING Spit Poison.
  2621 | D:4      | 2621 ||| INVOKING Spit Poison.
  2628 | D:4      | 2628 ||| INVOKING Spit Poison.
  2633 | D:4      | 2633 ||| INVOKING Spit Poison.
  2755 | D:4      | 2755 ||| INVOKING Spit Poison.
  2801 | D:4      | Found a radiant altar of Vehumet.
  2802 | D:4      | Found a shimmering blue altar of Sif Muna.
  2834 | D:4      | 2834 ||| INVOKING Spit Poison.
  2838 | D:4      | Reached skill level 7 in Ranged Weapons
  2838 | D:4      | Reached XP level 8. HP: 73/73 MP: 8/8
  2841 | D:4      | 2841 ||| INVOKING Spit Poison.
  2845 | D:4      | 2845 ||| INVOKING Spit Poison.
  2850 | D:4      | 2850 ||| INVOKING Spit Poison.
  2853 | D:4      | 2853 ||| INVOKING Spit Poison.
  2957 | D:4      | 2957 ||| INVOKING Spit Poison.
  3096 | D:4      | 3096 ||| DROPPING scarf of invisibility.
  3097 | D:4      | 3097 ||| READING scroll labelled TOT HILLUTTAT.
  3098 | D:4      | 3098 ||| READING scroll labelled LEUSHIU YNOBB.
  3117 | D:5      | Entered Level 5 of the Dungeon
  3118 | D:5      | 3118 ||| INVOKING Spit Poison.
  3206 | D:5      | 3206 ||| INVOKING Spit Poison.
  3212 | D:5      | 3212 ||| INVOKING Spit Poison.
  3283 | D:5      | 3283 ||| INVOKING Spit Poison.
  3288 | D:5      | 3288 ||| INVOKING Spit Poison.
  3289 | D:5      | Reached skill level 8 in Ranged Weapons
  3313 | D:5      | You fall into a shaft and drop 3 floors!
  3323 | D:8      | 3323 ||| INVOKING Spit Poison.
  3329 | D:8      | 3329 ||| INVOKING Spit Poison.
  3335 | D:8      | 3335 ||| INVOKING Spit Poison.
  3340 | D:8      | 3340 ||| INVOKING Spit Poison.
  3354 | D:8      | 3354 ||| INVOKING Spit Poison.
  3358 | D:8      | 3358 ||| READING scroll labelled XOUFYLYOMNY.
  3376 | D:7      | 3376 ||| INVOKING Spit Poison.
  3394 | D:7      | 3394 ||| INVOKING Spit Poison.
  3414 | D:7      | 3414 ||| INVOKING Spit Poison.
  3420 | D:7      | 3420 ||| INVOKING Spit Poison.
  3422 | D:7      | 3422 ||| Stepping ~*~*~tactically~*~*~ (outnumbered).
  3423 | D:7      | 3423 ||| INVOKING Spit Poison.
  3429 | D:7      | 3429 ||| INVOKING Spit Poison.
  3471 | D:7      | 3471 ||| INVOKING Spit Poison.
  3478 | D:7      | 3478 ||| INVOKING Spit Poison.
  3536 | D:7      | 3536 ||| INVOKING Spit Poison.
  3595 | D:7      | 3595 ||| INVOKING Spit Poison.
  3597 | D:7      | Noticed a hornet
  3602 | D:7      | 3602 ||| INVOKING Spit Poison.
  3602 | D:7      | Paralysed by a hornet for 2 turns
  3609 | D:7      | 3609 ||| INVOKING Spit Poison.
  3609 | D:7      | HP: 13/74 [hornet (11)]
  3609 | D:7      | HP: 2/74 [hornet (9)]
  3610 | D:7      | 3610 ||| READING scroll of teleportation.
  3610 | D:7      | Succumbed to a hornet's poison

Levels and vault maps discovered:
D:1:      zelgadis_glass_arrival_large, layout_basic, minmay_misc_feat_pillars,
          nicolae_grassy_gnolls
D:2:      layout_loops_ring, minmay_misc_feat_rugged, uniq_natasha, uniq_sigmund
D:3:      layout_basic, shapermc_ecumenical_altar_mp_vishouse
D:4:      layout_gridville, gammafunk_temple_overflow_statue, serial_glass,
          glass_columns_c, glass_columns_b, glass_columns_a, glass_columns_b,
          uniq_grinder
D:5:      layout_loops_ring, uniq_edmund
D:7:      layout_cave_pools, enter_bailey_7, mrwooster_statue_mirror,
          grunt_ministairs_12, uniq_maggie
D:8:      layout_loops_ring, gammafunk_ghost_arena

Skill      XL: |  1  2  3  4  5  6  7  8 |
---------------+-------------------------+-----
Ranged Weapons | 4 6 7 8 |  8.8
Fighting       | 4 5 |  5.0
Dodging        | 3 |  3.5
Stealth        | |  1.5

Action                     |  1- 3 |  4- 6 |  7- 9 || total
---------------------------+-------+-------+-------++-------
   Fire: Shortbow          |    42 |    92 |   134 ||   268
Ability: Spit Poison       |    19 |    30 |    36 ||    85
    Use: Scroll            |     4 |     3 |     4 ||    11
         Potion            |       |     1 |       ||     1
 Armour: Leather armour    |     3 |    14 |    16 ||    33
  Dodge: Dodged            |     5 |    14 |    77 ||    96

Table legend:
 A = Non-vault XP
 B = Vault XP
 C = Vault XP percentage of total XP
 D = Non-vault monster count
 E = Vault monster count
 F = Vault count percentage of total count
                 A         B        C        D         E       F
            +---------+---------+-------+---------+---------+-------
      Total |    1529 |     571 |  27.2 |      99 |       4 |   3.9
            +---------+---------+-------+---------+---------+-------
        D:1 |      38 |      14 |  26.9 |      23 |       1 |   4.2
        D:2 |     114 |     267 |  70.1 |      21 |       2 |   8.7
        D:3 |     158 |       0 |   0.0 |      13 |       0 |   0.0
        D:4 |     421 |     290 |  40.8 |      23 |       1 |   4.2
        D:5 |     304 |       0 |   0.0 |       4 |       0 |   0.0
        D:7 |     468 |       0 |   0.0 |      10 |       0 |   0.0
        D:8 |      26 |       0 |   0.0 |       5 |       0 |   0.0
            +---------+---------+-------+---------+---------+-------
